Map: Simulacrum LE

Players

Petrocules - Winner!

  • Race: Zerg Zerg
  • League: Platinum
  • Spawn Location: 5:00

Methyle

  • Race: Terran Terran
  • League: Platinum
  • Spawn Location: 11:00

VOD

Have the link to the VOD?

Description

Game#1 Petrocules vs Methyle

Time

  • Played on: April 18, 2020, 6:46 a.m.
  • Length: 16:37
Show
View Real Time Build Order
Export as new Build Order

Petrocules Zerg - Winner!

Build Orders: Hatch First 

Get SALT Encoding   

  12  0:01  Drone  
  13  0:14  Overlord  
  13  0:17  Drone  
  14  0:33  Drone x2  
  16  0:50  Hatchery  
  16  0:54  Drone  
  16  0:58  Drone  
  16  1:01  Drone  
  18  1:16  Spawning Pool  
  18  1:18  Extractor  
  16  1:21  Drone  
  16  1:24  Drone  
  18  1:30  Drone  
  19  1:41  Overlord  
  19  1:51  Drone  
  20  2:04  Drone x2  
  22  2:10  Queen x2  
  26  2:18  Spine Crawler  
  25  2:23  Metabolic Boost  
  25  2:26  Zergling x4  
  25  2:28  Zergling x2  
  28  2:36  Drone x2  
  30  2:37  Drone  
  31  2:47  Drone x2  
  33  3:01  Drone x2  
  35  3:09  Drone  
  36  3:17  Lair  
  36  3:19  Overlord x4  
  36  3:28  Evolution Chamber  
  35  3:35  Evolution Chamber  
  34  3:42  Roach Warren  
  33  3:53  Zergling x12  
  39  3:57  Queen  
  41  4:11  Zerg Melee Weapons Level 1  
  41  4:13  Drone x2  
  43  4:34  Baneling Nest  
  43  4:36  Queen  
  44  4:48  Hatchery, Drone x3  
  44  4:49  Drone x5  
  51  4:56  Drone x3  
  51  4:58  Overlord  
  54  5:25  Spore Crawler  
  54  5:26  Spore Crawler  
  54  5:28  Drone, Extractor  
  52  5:29  Drone x2, Extractor  
  52  5:30  Drone  
  52  5:31  Drone x3  
  52  5:35  Centrifical Hooks  
  57  5:39  Hydralisk Den, Drone x4  
  60  5:47  Queen  
  62  6:03  Drone x9  
  71  6:16  Zergling x6  
  74  6:18  Grooved Spines  
  74  6:21  Zerg Missile Weapons Level 1  
  74  6:27  Overseer  
  74  6:32  Zergling x16  
  82  6:35  Drone, Extractor  
  82  6:36  Drone, Extractor  
  82  6:40  Overlord x2  
  82  6:58  Queen  
  84  7:13  Drone  
  84  7:15  Extractor  
  84  7:16  Drone x3  
  84  7:17  Hydralisk  
  84  7:18  Hydralisk x4  
  84  7:19  Zergling x2  
  84  7:21  Overlord x5  
  98  7:30  Muscular Augments  
  98  7:37  Overseer  
  98  7:38  Queen  
  100  7:48  Zergling x18  
  100  7:49  Zergling x4  
  111  7:55  Baneling x18  
  111  7:58  Drone x2  
  111  7:59  Drone  
  112  8:18  Hatchery  
  111  8:20  Zergling x20  
  121  8:32  Zergling x8  
  121  8:33  Zergling x4  
  121  8:40  Zergling x2  
  98  8:43  Zergling x4  
  98  9:17  Zerg Missile Weapons Level 2  
  98  9:21  Zergling x2  
  99  9:26  Zerg Ground Armor Level 1  
  99  9:30  Infestation Pit  
  98  9:31  Pneumatized Carapace  
  98  9:37  Drone x2  
  98  9:38  Drone  
  101  9:41  Drone x9  
  101  9:42  Zergling x4, Roach  
  101  9:43  Zergling x8  
  118  9:54  Zergling x18  
  118  9:55  Zergling x2  
  128  10:05  Queen  
  130  10:08  Overlord  
  130  10:09  Overlord x3  
  130  10:10  Overseer  
  130  10:16  Hatchery  
  129  10:37  Zergling x32  
  145  10:49  Hydralisk x11  
  155  10:54  Hive  
  167  10:57  Spire  
  168  11:04  Drone x2  
  168  11:11  Baneling x19  
  168  11:12  Baneling x10  
  167  11:34  Zergling x2  
  167  11:35  Zergling x10  
  170  11:50  Queen  
  124  12:10  Zergling x18  
  124  12:11  Zergling x22  
  124  12:12  Zergling x8  
  124  12:13  Zergling x16  
  147  12:20  Zergling x20  
  158  12:30  Zergling x18  
  164  12:42  Baneling x2  
  164  12:43  Baneling x29  
  164  12:44  Baneling x15  
  164  12:46  Greater Spire  
  164  12:49  Zerg Missile Weapons Level 3  
  164  12:50  Zerg Ground Armor Level 2  
  164  12:53  Corruptor x2  
  164  12:54  Corruptor x2  
  172  13:05  Zergling x14  
  174  13:06  Zergling x4  
  174  13:07  Zergling x4  
  155  13:13  Zergling x2  
  155  13:14  Zergling x10  
  159  13:20  Zergling x10  
  150  14:08  Hydralisk x5  
  150  14:09  Hydralisk x3  
  165  14:12  Corruptor x3  
  165  14:15  Brood Lord  
  173  14:18  Overlord x4  
  173  14:20  Overseer  
  173  14:21  Overlord, Overseer  
  173  14:25  Hatchery  
  173  14:26  Zerg Flyer Armor Level 1  
  172  14:33  Extractor  
  172  14:34  Extractor  
  170  15:09  Zergling x28  
  170  15:10  Zergling x28  
  198  15:14  Brood Lord  
  183  15:36  Zergling x26  
  183  15:37  Zergling x2  
  183  15:42  Zergling x18  
  182  15:49  Zergling x4  
  160  16:02  Zergling x20  
  170  16:18  Ultralisk Cavern  
Show
View Real Time Build Order
Export as new Build Order

Methyle Terran 

Build Orders: 2 Factory, Mech 

Get SALT Encoding   

  12  0:01  SCV  
  13  0:13  SCV  
  14  0:19  Supply Depot  
  14  0:29  SCV  
  14  0:34  Refinery  
  15  0:42  SCV  
  16  0:45  Barracks  
  16  0:54  SCV  
  17  1:06  SCV  
  18  1:18  SCV  
  19  1:30  SCV  
  20  1:33  Reaper  
  21  1:42  Orbital Command  
  21  1:45  Supply Depot  
  21  1:55  Command Center  
  21  2:07  Factory  
  21  2:16  Refinery  
  21  2:17  Marine  
  22  2:27  SCV  
  23  2:39  SCV  
  23  2:43  Marine  
  25  2:56  Factory Tech Lab  
  24  3:06  Marine  
  24  3:10  Factory  
  25  3:12  Orbital Command  
  25  3:13  Factory  
  25  3:33  Barracks  
  25  3:34  Supply Depot  
  25  3:41  Engineering Bay  
  25  3:43  Engineering Bay  
  25  3:50  Supply Depot  
  25  3:55  Factory Tech Lab  
  25  4:07  Factory Tech Lab  
  26  4:17  SCV x2  
  26  4:19  Terran Infantry Weapons Level 1  
  30  4:24  Siege Tank  
  30  4:29  SCV x2  
  32  4:31  Barracks Tech Lab  
  32  4:35  Siege Tank  
  35  4:41  SCV x2  
  35  4:45  Marine  
  38  4:47  Cyclone  
  41  4:59  Refinery  
  41  5:00  Refinery  
  41  5:02  Armory  
  41  5:06  Hellion  
  45  5:07  Marauder  
  45  5:08  Hellion, Barracks Tech Lab  
  47  5:16  SCV x2  
  49  5:28  SCV x2  
  51  5:33  Combat Shield  
  51  5:39  Siege Tank  
  51  5:40  SCV x2  
  56  5:52  SCV x2  
  56  5:55  Command Center  
  58  6:01  Supply Depot  
  58  6:02  Terran Vehicle Weapons Level 1  
  58  6:08  SCV x2  
  60  6:20  SCV x2, Supply Depot  
  60  6:22  Siege Tank  
  60  6:23  Siege Tank  
  68  6:29  Marauder  
  70  6:39  Starport  
  70  6:42  SCV x2  
  70  6:43  Supply Depot  
  71  6:54  SCV  
  71  6:59  Terran Infantry Weapons Level 2  
  71  7:00  Terran Infantry Armor Level 1  
  72  7:13  SCV x2  
  72  7:15  Orbital Command  
  74  7:20  Starport Tech Lab  
  74  7:25  SCV  
  74  7:29  Armory  
  75  7:31  Starport  
  75  7:33  Starport  
  75  7:39  Orbital Command, Barracks  
  75  7:40  Supply Depot  
  75  7:44  Barracks  
  75  7:51  Orbital Command  
  75  8:00  Hellion  
  75  8:01  Hellion x2  
  81  8:22  Hellion  
  83  8:27  Marine x2  
  83  8:28  Siege Tank  
  83  8:29  Cyclone  
  68  8:43  Cyclone  
  68  8:47  Supply Depot  
  71  8:52  Reaper, Marine  
  71  8:53  Orbital Command  
  71  8:55  Medivac, Starport Tech Lab, Liberator  
  78  8:59  Marine x2  
  78  9:00  Cyclone  
  78  9:01  Cyclone  
  86  9:10  Marauder  
  86  9:15  Cyclone  
  91  9:17  Marine  
  92  9:25  Marauder  
  92  9:29  Barracks Tech Lab  
  94  9:32  Barracks Reactor, Siege Tank  
  94  9:33  Marine, Siege Tank  
  94  9:35  Marine  
  94  9:37  Starport Tech Lab  
  102  9:39  Medivac x2  
  106  9:45  Marine  
  107  9:57  Marine  
  108  10:05  SCV  
  109  10:45  Refinery  
  109  10:47  Supply Depot x2  
  109  10:48  Supply Depot x2, Refinery  
  109  10:55  Supply Depot  
  109  10:57  Supply Depot  
  109  11:06  Medivac, Marine  
  109  11:07  Viking, Medivac, Cyclone, Hellbat, SCV x3, Marauder, Marine x2  
  109  11:08  Hellbat, Marauder  
  132  11:12  Supply Depot  
  132  11:13  Supply Depot  
  132  11:19  SCV x2  
  132  11:20  SCV  
  132  11:22  Terran Vehicle And Ship Armor Level 1  
  132  11:23  Command Center  
  136  11:25  Reaper  
  136  11:28  Terran Infantry Armor Level 2  
  136  11:29  Hellbat x2, Marauder, Marine  
  136  11:31  SCV x2  
  136  11:32  SCV  
  146  11:38  Marine x2  
  146  11:39  Siege Tank  
  151  11:43  SCV  
  154  11:47  Marauder  
  154  11:50  Missile Turret, Marauder, Thor, Siege Tank  
  165  11:55  Fusion Core  
  164  12:04  Supply Depot  
  113  12:08  Marauder  
  113  12:11  Marauder  
  94  12:19  Marine x2  
  94  12:20  Siege Tank  
  94  12:22  Siege Tank  
  104  12:30  Marauder  
  104  12:33  Marauder  
  106  12:48  SCV x3  
  106  12:50  Orbital Command  
  111  12:51  Marauder  
  111  12:52  Viking  
  111  12:53  Battlecruiser  
  111  12:54  Marauder  
  111  12:56  Banshee  
  124  12:59  Hellion x2  
  124  13:00  Hellion  
  99  13:12  Marauder  
  93  13:20  Marine x3  
  93  13:21  Hellion x2  
  101  13:28  Orbital Command  
  101  13:31  Stimpack  
  101  13:33  Marine, Barracks Tech Lab  
  101  13:36  Barracks Reactor  
  101  13:38  Marine x2  
  101  13:40  Weapon Refit  
  101  14:11  Marauder x2  
  105  14:33  Marauder x2  
  105  14:34  Siege Tank x3  
  118  14:40  Orbital Command  
  118  14:53  SCV x3  
  121  15:05  SCV  
  122  15:19  SCV  
  122  15:20  SCV x2  
  120  15:24  Refinery  
  120  15:29  Marauder  
  120  15:30  Marauder, Siege Tank  
  120  15:31  SCV  
  120  15:32  SCV  
  122  15:38  Hellion x2  
  122  15:40  Medivac  
  58  15:51  Marauder x2  
  40  16:05  Marine x3  
  40  16:06  Marine  
  47  16:12  Marauder x2  
  51  16:19  SCV x2  
Tags
 
Add a new tag
Caveats
  • Supply blocks, unpowered buildings, or Contaminate may cause inaccurate times.
  • Supply counts are checked every 10 seconds.